 Dungeon Crawl Stone Soup version 0.31-a0-799-g6bc09d010c (webtiles) character file.

Game seed: 4544960956588232776

723 ytrimaz the Changeling (level 7, -4/43 HPs)
             Began as an Octopode Shapeshifter on Sept 19, 2023.
             Engulfed by a steam dragon's steam (8 damage)
             ... on level 5 of the Dungeon.
             The game lasted 00:04:45 (3298 turns).

ytrimaz the Changeling (Octopode Shapeshifter)      Turns: 3298, Time: 00:04:46

Health: -4/43      AC:  1    Str: 13    XL:     7   Next: 71%
Magic:  7/7        EV: 13    Int: 12    God:
Gold:   247        SH:  0    Dex: 14    Spells: 6/6 levels left

rFire   . .          .
                       - Unarmed
rCold   + + .        (no shield)
rNeg    . . .        (helmet currently unavailable)
rPois   .            e - amulet of regeneration
rElec   .            i - ring of protection from cold
rCorr   .            m - ring of protection from cold
SInv    .            (no ring)
Will    .....        (no ring)
Stlth   ++++         (no ring)
HPRegen 1.07/turn    (no ring)
MPRegen 0.10/turn    (no ring)
                     (no ring)

%: no passive effects
@: lethally poisoned (-4 -> -5), beast-form
A: beast (slay +3), almost no armour, amphibious, 8 rings, camouflage 1,
gelatinous body 1, (nimble swimmer 1), tentacles
a: Begin Untransformation


You were on level 5 of the Dungeon.
You were a hulking beast.
You visited 1 branch of the dungeon, and saw 5 of its levels.

You collected 247 gold pieces.


Innate Abilities, Weirdness & Mutations

You are a hulking beast.
Your limbs bulge with bestial killing power. (Slay +3)
You cannot wear most types of armour.
You are amphibious.
You can wear up to eight rings at the same time.
Your skin changes colour to match your surroundings (Stealth+).
Your rubbery body absorbs attacks. (AC +1, EV +1)
((You are camouflaged when in or above water. (Stealth+)))
You have tentacles for arms and can constrict up to eight enemies at once.


   Skills:
 - Level 1.0 Fighting
 - Level 2.0 Dodging
 + Level 6.4 Stealth
 + Level 3.4 Unarmed Combat
 * Level 6.7 Shapeshifting


You had 6 spell levels left.
You didn't know any spells.
Your spell library contained the following spells:

 Spells                   Type           Power      Damage    Failure   Level
 Magic Dart               Conj           0%         1d3       32%         1
 Slow                     Hex            0%         N/A       32%         1
 Confusing Touch          Hex            0%         N/A       69%         3
 Ozocubu's Armour         Ice            0%         N/A       69%         3
 Sigil of Binding         Hex            0%         N/A       69%         3
 Vampiric Draining        Necr           0%         2d6       69%         3
 Sticky Flame             Conj/Fire      0%         2d3       97%         4
 Freezing Cloud           Conj/Ice/Air   0%         6-21      100%        5
 Summon Forest            Summ/Tloc      0%         N/A       100%        5
 Summon Mana Viper        Hex/Summ       0%         N/A       100%        5
 Summon Cactus Giant      Summ           0%         N/A       100%        6
 Ozocubu's Refrigeration  Ice            0%         4d7       100%        7
 Fire Storm               Conj/Fire      0%         5d1       100%        9

Inventory:

Missiles
 a - a throwing net
Jewellery
 e - an amulet of regeneration (around mantle)
   (You found it on level 1 of the Dungeon)
 i - a ring of protection from cold (left tentacle)
   (You found it on level 1 of the Dungeon)
 m - a ring of protection from cold (right tentacle)
   (You found it on level 2 of the Dungeon)
 p - an amulet of reflection
   (You found it on level 2 of the Dungeon)
Talismans
 b - a beast talisman (active)
 c - a flux talisman
Wands
 q - a wand of charming (8)
   (You found it on level 2 of the Dungeon)
 s - a wand of flame (11)
   (You found it on level 4 of the Dungeon)
Scrolls
 d - 2 scrolls of vulnerability
 k - 5 scrolls of teleportation
 o - a scroll of revelation
Potions
 f - 2 potions of mutation {unknown}
 g - 2 potions of might
 j - 2 potions of haste {unknown}
 l - a potion of attraction {unknown}
 n - 2 potions of brilliance {unknown}
 r - a potion of cancellation {unknown}

Dungeon Overview and Level Annotations

Branches:
Dungeon (5/15) Zot: 26717
 Temple: D:4-7

Altars:
Makhleb
Uskayaw

Shops:
D:3

[ ### ..# ##.#
... #.# .###
##§######
.....#§.§....#
#.....D####!#
#.....§h§<#.#
#.$...§.§...#
#......######
#.......
#####+#. . ..


You could see a steam dragon.


Message History

😕 HP[-3]
You take 3 damage, and now have 40/43 hp.
Unknown command.
You tentacle-slap the steam dragon but do no damage. 😕 HP[+1]
You tentacle-slap the steam dragon. Your squeeze misses the steam dragon.
The steam dragon breathes steam at you. The ball of steam hits you!
The adder hisses angrily.
You hear a bark! 😮 HP[-16]
You take 16 damage, and now have 25/43 hp.
MASSIVE DAMAGE!! (PAUSE)
You are too injured to fight recklessly!
You tentacle-slap the steam dragon but do no damage.
You are engulfed in a cloud of scalding steam.
The steam dragon bites you but does no damage.
The steam dragon closely misses you. 😮 HP[-1]
You take 1 damage, and now have 24/43 hp.
Unknown command.
You tentacle-slap the steam dragon. The steam dragon closely misses you.
The steam dragon misses you.
The adder is engulfed in a cloud of scalding steam.
The adder bites you.
You tentacle-slap the steam dragon. You squeeze the steam dragon.
The steam dragon bites you!
* * * LOW HITPOINT WARNING * * *
The steam dragon misses you. The adder bites you.
* * * LOW HITPOINT WARNING * * *
You are poisoned.
The adder poisons you! 😨 HP[-8]
You take 8 damage, and now have 16/43 hp.
You tentacle-slap the steam dragon.
You squeeze the steam dragon, but do no damage.
You feel sick. The adder bites you.
* * * LOW HITPOINT WARNING * * *
You are more poisoned.
The adder poisons you! The steam dragon bites you.
* * * LOW HITPOINT WARNING * * *
The steam dragon claws you.
* * * LOW HITPOINT WARNING * * *
The adder bites you.
* * * LOW HITPOINT WARNING * * *
You are lethally poisoned!
The adder poisons you! 😱 HP[-11]
You take 11 damage, and now have 5/43 hp.
MASSIVE DAMAGE!! (PAUSE)
You feel much better.
You feel very sick. The steam dragon breathes steam at you.
The ball of steam misses you. The adder bites you. 😮 HP[+17]
You regained 17 hp, and now have 22/43 hp.
You tentacle-slap the steam dragon but do no damage.
You are engulfed in a cloud of scalding steam.
* * * LOW HITPOINT WARNING * * *
You feel very sick. The steam dragon closely misses you.
The steam dragon barely misses you. The adder closely misses you. 😨 HP[-10]
You take 10 damage, and now have 12/43 hp.
MASSIVE DAMAGE!! (PAUSE) Unknown command.
You feel sick.
The adder is engulfed in a cloud of scalding steam.
The adder bites you.
* * * LOW HITPOINT WARNING * * *
You are more poisoned.
The adder poisons you! 😱 HP[-2]
You take 2 damage, and now have 10/43 hp.
Unknown command.
You feel very sick.
The steam dragon attacks as it pursues you!
The steam dragon barely misses you. The steam dragon claws you.
* * * LOW HITPOINT WARNING * * *
The adder is engulfed in a cloud of scalding steam.
The adder dies! 😱 HP[-4]
You take 4 damage, and now have 6/43 hp.
Unknown command.
You tentacle-slap the steam dragon. You squeeze the steam dragon.
You feel sick.
The hound is engulfed in a cloud of scalding steam.
The steam dragon barely misses you. x2 😱 HP[-1]
You take 1 damage, and now have 5/43 hp.
Unknown command.
You tentacle-slap the steam dragon.
You feel sick. The steam dragon breathes steam at you.
The ball of steam misses you.
The hound is engulfed in a cloud of scalding steam. 😱 HP[-1]
You take 1 damage, and now have 4/43 hp.
Unknown command.
You tentacle-slap the steam dragon. Your squeeze misses the steam dragon.
You are engulfed in a cloud of scalding steam.
You die...

Skill      XL: |  1  2  3  4  5  6  7 |
---------------+----------------------+-----
Stealth        | 1 2 3 4 5 6 |  6.4
Shapeshifting  | 4 5 6 |  6.7
Fighting       | |  1.0
Dodging        | |  2.0
Unarmed Combat | |  3.4

Action                     |  1- 3 |  4- 6 |  7- 9 || total
---------------------------+-------+-------+-------++-------
  Melee: Unarmed           |    72 |   128 |    39 ||   239
         Constrict         |    19 |    31 |     3 ||    53
         Punch             |     1 |     3 |       ||     4
         Tentacles         |    13 |    21 |    14 ||    48
  Evoke: Wand              |       |     1 |       ||     1
    Use: Potion            |       |     7 |     1 ||     8
         Scroll            |       |     4 |       ||     4
   Stab: Sleeping          |     6 |    22 |     3 ||    31
 Armour: Skin              |    35 |    77 |    32 ||   144
  Dodge: Dodged            |    37 |    66 |    20 ||   123

Levels and vault maps discovered:
D:1:      dpeg_arrival_ternary, layout_basic
D:2:      layout_loops_ring, ebering_ecumenical_altar_rust, minmay_heptomino_l4,
          uniq_robin
D:3:      layout_basic, general_overflow_altar, serial_shops,
          nicolae_shop_trees, minmay_quadrilaterals, uniq_jessica
D:4:      layout_layer_cave, mainiacjoe_overflow_boulevard, uniq_menkaure,
          uniq_blork_the_orc
D:5:      layout_basic, zin_purify, temple_statues,
          chequers_serial_rivers_micro_e

Notes
Turn   | Place    | Note
-------+----------+-------------------------------------------
     0 | D:1      | ytrimaz the Octopode Shapeshifter began the quest for the
                  | Orb.
     0 | D:1      | Reached XP level 1. HP: 13/13 MP: 1/1
     0 | D:1      | magus.rc [v1.9.6]
    48 | D:1      | You pick up a book of Debilitation and begin reading...
    48 | D:1      | You add the spells Slow, Sigil of Binding, Vampiric
                  | Draining and Confusing Touch to your library.
    62 | D:1      | Reached skill level 1 in Stealth
   116 | D:1      | Reached XP level 2. HP: 17/18 MP: 2/2
   308 | D:1      | Reached skill level 2 in Stealth
   308 | D:1      | Reached XP level 3. HP: 21/23 MP: 3/3
   327 | D:1      | You fall into a shaft and drop 1 floor!
   373 | D:1      | You add the spells Ozocubu's Armour and Ozocubu's
                  | Refrigeration to your library.
   626 | D:2      | Noticed Robin
   649 | D:2      | Killed Robin
   650 | D:2      | Reached skill level 4 in Shapeshifting
   658 | D:2      | Reached XP level 4. HP: 20/28 MP: 4/4
   697 | D:2      | Reached skill level 3 in Stealth
   717 | D:2      | Found a faded altar of an unknown god.
   996 | D:2      | You add the spells Sticky Flame, Freezing Cloud and Fire
                  | Storm to your library.
   996 | D:2      | Got a dusty book
  1105 | D:2      | HP: 7/42 [gnoll/+0 spear (4)]
  1109 | D:2      | Reached XP level 5. HP: 33/33 MP: 5/5
  1363 | D:3      | Got a foxed book
  1418 | D:3      | Found Goacaric's Antique Armour Boutique.
  1622 | D:3      | Noticed Jessica
  1630 | D:3      | Killed Jessica
  1631 | D:3      | Reached skill level 4 in Stealth
  1645 | D:3      | Reached skill level 5 in Shapeshifting
  1898 | D:3      | Found a hide-covered altar of Uskayaw.
  2096 | D:4      | Reached XP level 6. HP: 38/38 MP: 6/6
  2131 | D:4      | You pick up a book of the Wilderness and begin reading...
  2131 | D:4      | You add the spells Summon Forest, Summon Mana Viper and
                  | Summon Cactus Giant to your library.
  2143 | D:4      | Noticed Menkaure
  2156 | D:4      | Killed Menkaure
  2157 | D:4      | Reached skill level 5 in Stealth
  2166 | D:4      | Found a burning altar of Makhleb.
  2285 | D:4      | HP: 5/38 [iguana (12)]
  2290 | D:4      | Reached skill level 6 in Shapeshifting
  2561 | D:4      | Noticed a black bear
  2568 | D:4      | Killed a black bear
  2569 | D:4      | Reached XP level 7. HP: 18/43 MP: 7/7
  2750 | D:4      | HP: 7/43 [iguana (13)]
  2751 | D:4      | HP: 2/43 [iguana (7)]
  3035 | D:4      | Reached skill level 6 in Stealth
  3178 | D:4      | Noticed Blork the orc
  3187 | D:4      | Killed Blork the orc
  3279 | D:5      | Entered Level 5 of the Dungeon
  3283 | D:5      | Noticed a steam dragon
  3291 | D:5      | HP: 6/43 [steam dragon (5)]
  3296 | D:5      | HP: 5/43 [poisoned by an adder]
  3298 | D:5      | Engulfed by a steam dragon's steam

Vanquished Creatures
  Menkaure (D:4)
  A black bear (D:4)
  A phantom (D:4)
  Blork the orc (D:4)
  A jelly (D:4)
  An orc priest (D:4)
  Jessica (D:3)
  3 iguanas (D:4)
  Robin (D:2)
  3 gnolls (D:2)
  5 adders
  2 worms (D:3)
  A dart slug (D:2)
  5 orcs
  10 endoplasms
  3 giant cockroaches
  19 goblins
  13 hobgoblins
  6 jackals
  2 quokkas
  7 ball pythons
  8 bats
  4 frilled lizards
  12 kobolds
  6 rats
117 creatures vanquished.

Vanquished Creatures (others)
  An adder (D:5)
1 creature vanquished.

Grand Total: 118 creatures vanquished

Table legend:
 A = Non-vault XP
 B = Vault XP
 C = Vault XP percentage of total XP
 D = Non-vault monster count
 E = Vault monster count
 F = Vault count percentage of total count
                 A         B        C        D         E       F
            +---------+---------+-------+---------+---------+-------
      Total |     666 |     368 |  35.6 |      92 |      25 |  21.4
            +---------+---------+-------+---------+---------+-------
        D:1 |      45 |       0 |   0.0 |      27 |       0 |   0.0
        D:2 |      99 |      40 |  28.8 |      23 |      15 |  39.5
        D:3 |      59 |      56 |  48.7 |      20 |       8 |  28.6
        D:4 |     463 |     272 |  37.0 |      22 |       2 |   8.3
            +---------+---------+-------+---------+---------+-------

Skill      XL: |  1  2  3  4  5  6  7 |
---------------+----------------------+-----
Stealth        | 1 2 3 4 5 6 |  6.4
Shapeshifting  | 4 5 6 |  6.7
Fighting       | |  1.0
Dodging        | |  2.0
Unarmed Combat | |  3.4

Action                     |  1- 3 |  4- 6 |  7- 9 || total
---------------------------+-------+-------+-------++-------
  Melee: Unarmed           |    72 |   128 |    39 ||   239
         Constrict         |    19 |    31 |     3 ||    53
         Punch             |     1 |     3 |       ||     4
         Tentacles         |    13 |    21 |    14 ||    48
  Evoke: Wand              |       |     1 |       ||     1
    Use: Potion            |       |     7 |     1 ||     8
         Scroll            |       |     4 |       ||     4
   Stab: Sleeping          |     6 |    22 |     3 ||    31
 Armour: Skin              |    35 |    77 |    32 ||   144
  Dodge: Dodged            |    37 |    66 |    20 ||   123

Illustrated notes

Table legend:
 A = Kills in this place as a percentage of kills in the entire game.
 B = Kills by you in this place as a percentage of kills by you in the entire game.
 C = Kills by friends in this place as a percentage of kills by friends in the entire game.
 D = Other kills in this place as a percentage of other kills in the entire game.
 E = Experience gained in this place as a percentage of experience gained in the entire game.
 F = Experience gained in this place divided by the number of levels of this place that you have seen.
                   A       B       C       D       E      F
               +-------+-------+-------+-------+-------+----------------------
         Total | 100.0 | 100.0 |   N/A |   N/A | 100.0 | 206.8
       Dungeon | 100.0 | 100.0 |   N/A |   N/A | 100.0 | 206.8
               +-------+-------+-------+-------+-------+----------------------

Table legend: (Time is in decaauts)
 A = Elapsed time spent in this place.
 B = Non-inter-level travel time spent in this place.
 C = Inter-level travel time spent in this place.
 D = Time resting spent in this place.
 E = Time spent auto-exploring this place.
 F = Levels seen in this place.
 G = Mean time per level.
                   A        B        C        D        E       F      G
               +--------+--------+--------+--------+--------+-----+--------+
         Total |   3283 |   3167 |    116 |      0 |   2396 |   5 |  656.6 |
       Dungeon |   3283 |   3167 |    116 |      0 |   2396 |   5 |  656.6 |
               +--------+--------+--------+--------+--------+-----+--------+

Top non-repeatable levels by time:
     D:4: 1231 daAuts
     D:2: 851 daAuts
     D:3: 766 daAuts
     D:1: 414 daAuts
     D:5: 18 daAuts
